 Dungeon Crawl Stone Soup version 0.28.0-43-g3370ac3207 (webtiles) character file.

Game seed: 911536677039695653

112 fknight the Poker (level 4, -2/41 HPs)
             Began as a Gnoll Berserker on Mar 16, 2022.
             Was a Believer of Trog.
             Slain by an orc
             ... wielding a +0 trident
              (6 damage)
             ... on level 3 of the Dungeon.
             The game lasted 00:04:43 (1719 turns).

fknight the Poker (Gnoll Berserker)                 Turns: 1719, Time: 00:04:47

Health: -2/41      AC:  7    Str: 19    XL:     4   Next: 95%
Magic:  5/5        EV: 11    Int:  6    God:    Trog [**....]
Gold:   101        SH:  0    Dex: 11    Spells: 5/5 levels left

rFire   . . .      SeeInvis .   a - +0 spear
rCold   . . .      Faith    .   (no shield)
rNeg    . . .      Spirit   .   m - +0 scale mail
rPois   .          Reflect  .   (no helmet)
rElec   .          Harm     .   (no cloak)
rCorr   .          Rampage  .   (no gloves)
Will    .....                   (no boots)
Stlth   ..........              (no amulet)
HPRegen 0.13/turn               e - ring of flight
MPRegen 0.09/turn               (no ring)

@: flying
A: fangs 1, strong nose, distributed training
a: Renounce Religion, Berserk, Trog's Hand


You were on level 3 of the Dungeon.
You worshipped Trog.
Trog was pleased with you.
You visited 1 branch of the dungeon, and saw 3 of its levels.

You collected 101 gold pieces.

Inventory:

Hand Weapons
 a - a +0 spear (weapon)
Missiles
 d - 50 stones (quivered)
 k - 5 poisoned darts
Armour
 b - a +0 animal skin
 g - a +0 ring mail
 m - a +0 scale mail (worn)
Jewellery
 e - a ring of flight (left hand)
Scrolls
 c - a scroll of identify {unknown}
 f - a scroll of brand weapon {unknown}
 h - a scroll of teleportation {unknown}
 j - a scroll of enchant armour {unknown}
 l - a scroll of amnesia {unknown}
Potions
 i - a potion of curing {unknown}


   Skills:
 + Level 6.6 Fighting
 + Level 1.2 Short Blades
 + Level 1.2 Long Blades
 + Level 1.2 Axes
 + Level 1.2 Maces & Flails
 + Level 6.6 Polearms
 + Level 1.2 Staves
 + Level 1.2 Slings
 + Level 1.2 Bows
 + Level 1.2 Crossbows
 + Level 1.2 Throwing
 + Level 4.7 Armour
 + Level 4.7 Dodging
 + Level 1.2 Stealth
 + Level 1.2 Shields
 + Level 1.2 Unarmed Combat
 + Level 1.2 Spellcasting
 + Level 1.0 Conjurations
 + Level 1.0 Hexes
 + Level 1.0 Summonings
 + Level 1.0 Necromancy
 + Level 1.0 Translocations
 + Level 1.0 Transmutations
 + Level 1.0 Fire Magic
 + Level 1.0 Ice Magic
 + Level 1.0 Air Magic
 + Level 1.0 Earth Magic
 + Level 1.0 Poison Magic
 + Level 1.4 Invocations
 + Level 1.2 Evocations


You had 5 spell levels left.
You didn't know any spells.
Your spell library was empty.

Dungeon Overview and Level Annotations

Branches:
Dungeon (3/15)

Altars:


Innate Abilities, Weirdness & Mutations

You have very sharp teeth.
Your uncanny sense of smell can sniff out nearby items.
Your experience applies equally to all skills.


Message History

The orc hits you but does no damage.
You closely miss the orc wizard.
The orc wizard is almost dead.
The orc wizard misses you.
The orc hits you from afar with a +0 trident.
You hit the orc wizard.
You kill the orc wizard!
Trog accepts your kill.
Trog appreciates your killing of a magic user.
The orc hits you from afar with a +0 trident.
The orc hits you with a +0 falchion.
Your Conjurations skill increases to level 1!
Your Hexes skill increases to level 1!
Your Summonings skill increases to level 1!
Your Necromancy skill increases to level 1!
Your Translocations skill increases to level 1!
Your Transmutations skill increases to level 1!
Your Fire Magic skill increases to level 1!
Your Ice Magic skill increases to level 1!
Your Air Magic skill increases to level 1!
Your Earth Magic skill increases to level 1!
Your Poison Magic skill increases to level 1!
You hit the orc.
The orc is moderately wounded.
You puncture the orc!
You kill the orc!
Trog accepts your kill. The orc barely misses you.
You hit the orc priest.
You bite the orc priest, but do no damage.
The orc priest is lightly wounded.
The orc hits you from afar with a +0 trident.
You hit the orc priest but do no damage.
You bite the orc priest, but do no damage.
The orc priest is lightly wounded.
The orc priest calls down the wrath of Beogh upon you.
Beogh smites you!
* * * LOW HITPOINT WARNING * * *
The orc hits you from afar with a +0 trident.
You die...

# #.......# #
#.#.......#
#.#.#>......#
............#
#..........###
...o........#
#.)o....#
#.)@....#
##.#.####
#.#.####
#.#....#
######.# #.#
#.# #.# #.#


You could see an orc priest and an orc.

Vanquished Creatures
  An orc wizard (D:3)
  2 adders
  2 worms
  A dart slug (D:1)
  7 orcs (D:3)
  2 ball pythons
  6 endoplasms (D:1)
  A giant cockroach (D:2)
  5 goblins
  3 hobgoblins
  2 jackals (D:1)
  2 quokkas (D:1)
  4 bats (D:1)
  4 frilled lizards
  4 kobolds
  7 rats
53 creatures vanquished.

Notes
Turn   | Place    | Note
-------+----------+-------------------------------------------
     0 | D:1      | fknight the Gnoll Berserker began the quest for the Orb.
     0 | D:1      | Reached XP level 1. HP: 23/23 MP: 1/1
   144 | D:1      | Reached XP level 2. HP: 23/29 MP: 2/2
   209 | D:1      | You are sucked into a shaft and drop 1 floor!
   305 | D:1      | Reached XP level 3. HP: 30/35 MP: 3/3
   694 | D:1      | Reached skill level 1 in Invocations
   762 | D:1      | Reached ** piety under Trog
  1070 | D:2      | Reached skill level 1 in Short Blades
  1070 | D:2      | Reached skill level 1 in Long Blades
  1070 | D:2      | Reached skill level 1 in Axes
  1070 | D:2      | Reached skill level 1 in Maces & Flails
  1070 | D:2      | Reached skill level 1 in Staves
  1070 | D:2      | Reached skill level 1 in Slings
  1070 | D:2      | Reached skill level 1 in Bows
  1070 | D:2      | Reached skill level 1 in Crossbows
  1070 | D:2      | Reached skill level 1 in Throwing
  1070 | D:2      | Reached skill level 1 in Stealth
  1070 | D:2      | Reached skill level 1 in Shields
  1070 | D:2      | Reached skill level 1 in Unarmed Combat
  1070 | D:2      | Reached skill level 1 in Spellcasting
  1070 | D:2      | Reached skill level 1 in Evocations
  1367 | D:2      | Reached XP level 4. HP: 41/41 MP: 5/5
  1716 | D:3      | Reached skill level 1 in Conjurations
  1716 | D:3      | Reached skill level 1 in Hexes
  1716 | D:3      | Reached skill level 1 in Summonings
  1716 | D:3      | Reached skill level 1 in Necromancy
  1716 | D:3      | Reached skill level 1 in Translocations
  1716 | D:3      | Reached skill level 1 in Transmutations
  1716 | D:3      | Reached skill level 1 in Fire Magic
  1716 | D:3      | Reached skill level 1 in Ice Magic
  1716 | D:3      | Reached skill level 1 in Air Magic
  1716 | D:3      | Reached skill level 1 in Earth Magic
  1716 | D:3      | Reached skill level 1 in Poison Magic
  1719 | D:3      | Slain by an orc

Illustrated notes

Levels and vault maps discovered:
D:1:      scummos_arrival_star, layout_loops_cross,
          nicolae_concentric_dashed_squares_mild,
          chequers_serial_rivers_micro_a, st_stairs_2
D:2:      layout_rooms
D:3:      layout_basic, shapermc_ecumenical_altar_ellora, uniq_natasha

Skill      XL: |  1  2  3  4 |
---------------+-------------+-----
Invocations    | 1 |  1.4
Short Blades   | 1 |  1.2
Long Blades    | 1 |  1.2
Axes           | 1 |  1.2
Maces & Flails | 1 |  1.2
Staves         | 1 |  1.2
Slings         | 1 |  1.2
Bows           | 1 |  1.2
Crossbows      | 1 |  1.2
Throwing       | 1 |  1.2
Stealth        | 1 |  1.2
Shields        | 1 |  1.2
Unarmed Combat | 1 |  1.2
Spellcasting   | 1 |  1.2
Evocations     | 1 |  1.2
Conjurations   | 1 |  1.0
Hexes          | 1 |  1.0
Summonings     | 1 |  1.0
Necromancy     | 1 |  1.0
Translocations | 1 |  1.0
Transmutations | 1 |  1.0
Fire Magic     | 1 |  1.0
Ice Magic      | 1 |  1.0
Air Magic      | 1 |  1.0
Earth Magic    | 1 |  1.0
Poison Magic   | 1 |  1.0
Fighting       | |  6.6
Polearms       | |  6.6
Armour         | |  4.7
Dodging        | |  4.7

Action                   |  1- 3 |  4- 6 || total
-------------------------+-------+-------++-------
Melee: Spear             |   144 |    54 ||   198
       Bite              |     8 |     5 ||    13
       Punch             |       |     1 ||     1
Armor: Ring mail         |    16 |     3 ||    19
       Animal skin       |     1 |       ||     1
       Scale mail        |       |     1 ||     1
Dodge: Dodged            |    45 |    16 ||    61
